 Dungeon Crawl Stone Soup version 0.18.1-50-g88ac8fd (webtiles) character file.

23158 Gorglomux the Bludgeoner (level 12, -5/116 HPs)
             Began as a Minotaur Berserker on Oct 29, 2016.
             Was a High Priest of Trog.
             Slain by a jumping spider (13 damage)
             ... on level 4 of the Lair of Beasts.
             The game lasted 00:46:11 (12927 turns).

Gorglomux the Bludgeoner (Minotaur Berserker)      Turns: 12927, Time: 00:46:12

Health: -5/116     AC: 24    Str: 27    XL:     12   Next: 69%
Magic:  14/14      EV:  5    Int:  6    God:    Trog [*****.]
Gold:   516        SH:  0    Dex: 10    Spells: 0 memorised, 11 levels left

rFire  . . .     SeeInvis .     j - +4 dire flail (protect)
rCold  . . .     Gourm    .     n - +3 chain mail
rNeg   . . .     Faith    .     (shield currently unavailable)
rPois  .         Spirit   .     (helmet restricted)
rElec  .         Dismiss  .     (no cloak)
rCorr  .         Reflect  .     G - +0 pair of gloves
SustAt .         Harm     .     B - +2 pair of boots
MR     .....                    (no amulet)
Stlth  ..........               (no ring)
                                E - +2 ring of protection

@: lethally poisoned (-5 -> -14), exhausted, held, slowed, invisible, very slow,
not resistant to hostile enchantments, extremely unstealthy
A: retaliatory headbutt, horns 2, clever 1, wild magic 1
a: Berserk, Trog's Hand, Brothers in Arms, Burn Spellbooks, Renounce Religion


You were on level 4 of the Lair of Beasts.
You worshipped Trog.
Trog was extremely pleased with you.
You were very hungry.

You visited 2 branches of the dungeon, and saw 14 of its levels.
You also visited: Labyrinth.

You collected 910 gold pieces.
You spent 394 gold pieces at shops.

Inventory:

Hand Weapons
 j - a +4 dire flail of protection (weapon)
 y - the +6 great sword "Jellyslayer" {elec, +Fly rF+++ rC- MP-9}
   (Trog gifted it to you in a labyrinth)

   Occasionally, upon striking a foe, it will discharge some electrical energy
   and cause terrible harm.
   It renders you almost immune to fire.
   It makes you vulnerable to cold.
   It affects your magic capacity (-9).
   It lets you fly.
Missiles
 k - 8 javelins (quivered)
Armour
 n - a +3 chain mail (worn)
 B - a +2 pair of boots (worn)
 G - a +0 pair of gloves (worn)
Jewellery
 o - an uncursed ring of teleportation
 E - a +2 ring of protection (left hand)
 M - an uncursed ring of magical power
Wands
 q - a wand of iceblast (2/15)
 s - a wand of lightning (8/15)
 H - a wand of acid (6/15)
 J - a wand of lightning (10/15)
 N - a wand of slowing (26/48)
 X - a wand of polymorph (15/24)
Scrolls
 b - a scroll of identify
 f - 3 scrolls of blinking
 h - 2 scrolls of remove curse
 p - 3 scrolls of magic mapping
 r - 2 scrolls of enchant weapon
 u - 2 scrolls of recharging
 z - a scroll of teleportation
 F - 2 scrolls of immolation
Potions
 e - 2 potions of haste
 g - 3 potions of might
 i - 9 potions of curing
 l - a potion of cancellation
 t - 4 potions of agility
 v - 2 potions of ambrosia
 w - a potion of magic
 x - a potion of lignification
 A - 2 potions of heal wounds
 D - a potion of flight
 K - a potion of cure mutation
 P - a potion of brilliance
Books
 Q - a book of Minor Magic

   Spells                             Type                      Level
   a - Magic Dart                     Conjuration                  1
   b - Blink                          Translocation                2
   c - Call Imp                       Summoning                    2
   d - Repel Missiles                 Charms/Air                   2
   e - Slow                           Hexes                        2
   f - Conjure Flame                  Conjuration/Fire             3
   g - Mephitic Cloud                 Conjuration/Poison/Air       3
   Trog disapproves of the use of such an item.
Miscellaneous
 U - a disc of storms
Comestibles
 a - 5 chunks of flesh
 c - 5 bread rations
 d - 2 meat rations
 m - 3 beef jerkies
 C - 2 slices of pizza
 O - 9 fruits


   Skills:
 + Level 13.9 Fighting
 * Level 18.2 Maces & Flails
 - Level 6.4 Armour
 - Level 3.3 Dodging
 + Level 5.0 Evocations


You had 11 spell levels left.
You didn't know any spells.

Dungeon Overview and Level Annotations

Branches:
Dungeon (10/15)            Temple (0/1) D:7            Lair (4/8) D:10
    Orc (0/2) D:9
  Swamp: Lair:3-6    Shoals: Lair:3-6     Snake: Lair:3-6    Spider: Lair:3-6

Altars:
Elyvilon
Gozag
Makhleb
Nemelex Xobeh
Okawaru
Pakellas
Qazlal
Ru
Sif Muna
Trog
Vehumet
Xom
Yredelemnul
The Shining One

Shops:
D:4 :[   D:9 !   D:10 *

Annotations:
Lair:4 ololoev's ghost, journeyman DEFE


Innate Abilities, Weirdness & Mutations

You reflexively headbutt those who attack you in melee.
You have a pair of horns on your head.
Your mind is acute. (Int +2)
Your spells are a little harder to cast, but a little more powerful.


Message History

* * * LOW HITPOINT WARNING * * *
The jumping spider bites you.
* * * LOW HITPOINT WARNING * * *
Drink which item? (? for menu, Esc to quit)
You fade into invisibility!
The sentinel's mark upon you fades away.
You feel sick. The jumping spider pounces on you!
* * * LOW HITPOINT WARNING * * *
You are caught in a web!
The jumping spider bites you but does no damage.
The jumping spider pounces on you.
* * * LOW HITPOINT WARNING * * *
You are even more entangled.
The jumping spider bites you but does no damage.
The jumping spider pounces on you but does no damage.
The jumping spider bites you.
* * * LOW HITPOINT WARNING * * *
The jumping spider pounces on you but does no damage.
The jumping spider barely misses you. The jumping spider pounces on you!
You die...

####### ##### ###
#..#..###P..##..#
#..§.............
#.##.#s.##........ ...
##F###......... #..#
##W.###........ P...
#ss## #........ #...#
##@####........
#...######s.##.........
...###.#...............
...............#...#..
...........###♣♣#♣#...
..........## #..
..........# ..
.........P#
........PP##


You could see a blink frog, 4 jumping spiders and ololoev's ghost.

Vanquished Creatures
  A minotaur (Lab)
  A hydra (Lair:1)
  The ghost of Gorglomux the Basher, a novice HuBe of Trog (D:8)
  Nergalle (Lair:2)
  An ugly thing (D:10)
  4 black mambas
  7 komodo dragons
  4 spiny frogs
  2 rime drakes
  A jumping spider (Lair:4)
  3 blink frogs (Lair:4)
  A spriggan (D:7)
  11 yaks
  A wraith (D:9)
  5 redbacks
  Sigmund (D:2)
  3 steam dragons
  A basilisk (Lair:1)
  6 hungry ghosts (Lab)
  4 hippogriffs
  A mottled dragon (D:10)
  4 wargs (D:9)
  6 swamp worms (Lair:1)
  2 hell hounds (D:10)
  9 water moccasins
  6 porcupines
  Duvessa (D:5)
  4 sky beasts
  2 ice beasts
  3 orc warriors
  A wasp (D:9)
  3 phantoms
  4 necrophages
  6 ogres
  2 crocodiles
  4 wolves (Lair:3)
  A centaur (D:6)
  A big kobold (D:9)
  13 giant frogs
  Dowan (D:5)
  5 scorpions
  8 wights
  8 crimson imps
  A giant frog zombie (D:9)
  4 jellies
  6 hounds
  2 centaur skeletons
  4 human zombies (D:9)
  A quasit (D:10)
  A giant frog skeleton (D:10)
  6 orc priests
  9 orc wizards
  Jessica (D:2)
  Ijyb (D:2)
  8 iguanas
  2 worker ants
  2 human skeletons (D:9)
  6 sheep (Lair:2)
  A mummy (D:6)
  A worker ant zombie (D:6)
  2 howler monkey zombies
  Robin (D:2)
  6 gnolls
  11 adders
  29 river rats
  2 shadow imps
  An ooze (D:4)
  An adder zombie (D:9)
  An adder skeleton (D:6)
  15 worms
  2 dart slugs (D:1)
  7 giant geckos
  28 orcs
  2 ball pythons
  2 giant cockroaches
  7 goblins (D:2)
  6 hobgoblins
  8 jackals (D:1)
  2 quokkas
  8 bats
  A giant gecko skeleton (D:4)
  12 giant newts
  2 hobgoblin zombies (D:6)
  15 kobolds
  A kobold zombie (D:6)
  An orc zombie (D:6)
  A quokka skeleton (D:4)
  12 rats
  A plant (Lair:1)
397 creatures vanquished.

Vanquished Creatures (collateral kills)
  Harold (D:10)
  A crimson imp (D:10)
  An adder (D:10)
  A white imp (D:10)
4 creatures vanquished.

Vanquished Creatures (others)
  A fungus (Lair:1)
  2 plants (Lair:1)
3 creatures vanquished.

Grand Total: 404 creatures vanquished

Notes
Turn   | Place    | Note
--------------------------------------------------------------
     0 | D:1      | Gorglomux the Minotaur Berserker began the quest for the Orb.
     0 | D:1      | Reached XP level 1. HP: 19/19 MP: 0/0
   114 | D:1      | Reached skill level 4 in Maces & Flails
   159 | D:1      | Reached XP level 2. HP: 19/27 MP: 1/1
   475 | D:1      | Reached XP level 3. HP: 26/33 MP: 2/2
   529 | D:1      | Reached ** piety under Trog
   817 | D:2      | Reached skill level 5 in Maces & Flails
   906 | D:2      | Noticed Robin
   915 | D:2      | Killed Robin
   968 | D:2      | Reached XP level 4. HP: 40/41 MP: 3/3
   992 | D:2      | Found a radiant altar of Vehumet.
  1025 | D:2      | Noticed Ijyb
  1037 | D:2      | Killed Ijyb
  1101 | D:2      | Found a stormy altar of Qazlal.
  1204 | D:2      | Found a sacrificial altar of Ru.
  1262 | D:2      | Noticed Sigmund
  1270 | D:2      | Killed Sigmund
  1270 | D:2      | Reached skill level 5 in Fighting
  1270 | D:2      | Reached skill level 6 in Maces & Flails
  1270 | D:2      | Reached XP level 5. HP: 48/48 MP: 4/4
  1311 | D:2      | Found a sparkling altar of Nemelex Xobeh.
  1432 | D:2      | Noticed Jessica
  1454 | D:2      | Killed Jessica
  1454 | D:2      | Reached skill level 7 in Maces & Flails
  1454 | D:2      | Reached XP level 6. HP: 44/56 MP: 5/5
  1593 | D:3      | Found an iron altar of Okawaru.
  1769 | D:3      | Reached *** piety under Trog
  1904 | D:3      | Found a white marble altar of Elyvilon.
  2168 | D:4      | Found a shimmering altar of Xom.
  2614 | D:4      | Found a glowing golden altar of the Shining One.
  2615 | D:4      | Reached skill level 8 in Maces & Flails
  2708 | D:4      | Found Ryosior's Antique Armour Shop.
  2772 | D:4      | Reached XP level 7. HP: 63/63 MP: 6/6
  2924 | D:4      | Found Iffeax's Book Boutique.
  3199 | D:5      | Entered Level 5 of the Dungeon
  3220 | D:5      | Reached skill level 9 in Maces & Flails
  3272 | D:5      | Noticed Duvessa
  3272 | D:5      | Noticed Dowan
  3280 | D:5      | Killed Duvessa
  3289 | D:5      | Killed Dowan
  3379 | D:5      | Found a burning altar of Makhleb.
  3379 | D:5      | Found an oddly glowing altar of Pakellas.
  3487 | D:5      | Reached XP level 8. HP: 68/73 MP: 7/7
  3635 | D:6      | Reached skill level 10 in Maces & Flails
  3768 | D:6      | Reached **** piety under Trog
  3917 | D:6      | Found a deep blue altar of Sif Muna.
  4113 | D:6      | Reached skill level 11 in Maces & Flails
  4537 | D:7      | Reached XP level 9. HP: 78/82 MP: 8/8
  4595 | D:7      | Reached skill level 12 in Maces & Flails
  4658 | D:7      | Found a staircase to the Ecumenical Temple.
  5465 | D:8      | Found an opulent altar of Gozag.
  5485 | D:8      | Noticed Gorglomux's ghost (novice HuBe)
  5509 | D:8      | Killed Gorglomux's ghost
  5509 | D:8      | Reached skill level 10 in Fighting
  5509 | D:8      | Reached skill level 13 in Maces & Flails
  6135 | D:9      | Found a bloodstained altar of Trog.
  6187 | D:9      | Found a staircase to the Orcish Mines.
  6196 | D:9      | Reached XP level 10. HP: 81/93 MP: 9/9
  6211 | D:9      | Reached skill level 14 in Maces & Flails
  6636 | D:9      | Found Plog's Distillery.
  6641 | D:9      | Bought a potion of curing for 30 gold pieces
  6641 | D:9      | Bought a potion of heal wounds for 50 gold pieces
  6641 | D:9      | Bought a potion of haste for 100 gold pieces
  6641 | D:9      | Bought 2 potions of agility for 80 gold pieces
  6641 | D:9      | Bought 2 potions of curing for 60 gold pieces
  6641 | D:9      | Bought a potion of brilliance for 40 gold pieces
  6722 | D:9      | Reached ***** piety under Trog
  6731 | D:9      | Found a sparkling altar of Nemelex Xobeh.
  6883 | D:9      | Found a basalt altar of Yredelemnul.
  7041 | D:9      | Reached skill level 15 in Maces & Flails
  7848 | D:10     | Entered Level 10 of the Dungeon
  8013 | D:10     | Noticed a white ugly thing
  8075 | D:9      | Reached XP level 11. HP: 49/104 MP: 10/10
  8354 | D:10     | Killed a purple ugly thing
  8410 | D:10     | Found a staircase to the Lair.
  8416 | D:10     | Reached skill level 5 in Armour
  8439 | Lair:1   | Entered Level 1 of the Lair of Beasts
  8535 | D:10     | Noticed Harold
  8547 | D:10     | Killed Harold
  8710 | D:10     | Found Owko's General Store.
  8719 | D:10     | Bought a scroll of identify for 34 gold pieces
  9152 | D:10     | Gained mutation: Scrolls take you a little longer to read. [potion of mutation]
  9152 | D:10     | Gained mutation: You have an increased reservoir of magic (+10% MP). [potion of mutation]
  9152 | D:10     | Gained mutation: Your muscles are strong. (Str +2) [potion of mutation]
  9153 | D:10     | Gained mutation: You are agile. (Dex +2) [potion of mutation]
  9153 | D:10     | Lost mutation: You have an increased reservoir of magic (+10% MP). [potion of mutation]
  9153 | D:10     | Gained mutation: You tend to lose your temper in combat. [potion of mutation]
  9154 | D:10     | Lost mutation: Scrolls take you a little longer to read. [potion of cure mutation]
  9154 | D:10     | Lost mutation: Your muscles are strong. (Str +2) [potion of cure mutation]
  9154 | D:10     | Lost mutation: You tend to lose your temper in combat. [potion of cure mutation]
  9154 | D:10     | Lost mutation: You are agile. (Dex +2) [potion of cure mutation]
  9155 | D:10     | Gained mutation: Your spells are a little harder to cast, but a little more powerful. [potion of beneficial mutation]
  9412 | Lair:1   | Received a gift from Trog
  9464 | Lair:1   | Reached skill level 16 in Maces & Flails
  9891 | Lair:1   | Noticed a four-headed hydra
  9902 | Lair:1   | Killed a four-headed hydra
 10390 | Lair:2   | Reached skill level 1 in Evocations
 10776 | Lair:2   | Noticed Nergalle
 10788 | Lair:2   | Killed Nergalle
 10788 | Lair:2   | Reached skill level 17 in Maces & Flails
 10819 | Lair:2   | Reached XP level 12. HP: 99/115 MP: 11/13
 11795 | Lair:3   | Gained mutation: Your mind is acute. (Int +2) [potion of beneficial mutation]
 11826 | Lair:3   | Found a labyrinth entrance.
 11835 | Lab      | Entered a labyrinth
 11997 | Lab      | Noticed a minotaur
 12005 | Lab      | Killed a minotaur
 12022 | Lab      | Received a gift from Trog
 12023 | Lab      | Got a transparent great sword {god gift}
 12024 | Lab      | Identified the +6 great sword "Jellyslayer" {elec, +Fly rF+++ rC- MP-9} (Trog gifted it to you in a labyrinth)
 12801 | Lair:4   | Reached skill level 18 in Maces & Flails
 12923 | Lair:4   | Reached skill level 5 in Evocations
 12924 | Lair:4   | Noticed ololoev's ghost (journeyman DEFE)
 12927 | Lair:4   | Slain by a jumping spider

Skill      XL: |  1  2  3  4  5  6  7  8  9 10 11 12 |
---------------+-------------------------------------+-----
Maces & Flails | 4 5 6 7 8 9 11 13 15 17 18 | 18.2
Fighting       | 4 5 6 7 8 10 11 13 | 13.9
Armour         | 4 6 |  6.4
Dodging        | 3 |  3.3
Evocations     | 2 5 |  5.0

Action                   |  1- 3 |  4- 6 |  7- 9 | 10-12 || total
-------------------------+-------+-------+-------+-------++-------
Melee: Mace              |    73 |   114 |   324 |   280 ||   791
       Headbutt          |     5 |    21 |    67 |   163 ||   256
       Great mace        |       |       |       |   128 ||   128
       Dire flail        |       |       |       |   330 ||   330
Invok: Berserk           |     1 |     2 |     4 |    11 ||    18
       Trog's Hand       |       |       |       |    10 ||    10
       Brothers in Arms  |       |       |       |     2 ||     2
       Burn Spellbooks   |       |       |       |     2 ||     2
Evoke: Wand              |       |       |       |     1 ||     1
  Use: Scroll            |       |     1 |       |    28 ||    29
       Potion            |       |       |       |     8 ||     8
  Eat: Chunk             |     1 |     8 |    15 |    28 ||    52
       Bread ration      |       |       |       |     1 ||     1
       Meat ration       |       |       |       |     1 ||     1
Armor: Animal skin       |    11 |       |       |       ||    11
       Chain mail        |    19 |    80 |   165 |   333 ||   597
Dodge: Dodged            |    42 |    46 |   125 |   239 ||   452
